 Dungeon Crawl Stone Soup version 0.31-a0-845-g9abc20d24f (webtiles) character file.

Game seed: 2893715969556646738

82 Kurtz the Chopper (level 4, -1/31 HPs)
             Began as an Octopode Fighter on Oct 2, 2023.
             Was an Initiate of Gozag.
             Killed by nerve-wracking pain
             ... invoked by an orc priest
              (6 damage)
             ... on level 3 of the Dungeon.
             The game lasted 00:02:13 (2725 turns).

Kurtz the Chopper (Octopode Fighter)                Turns: 2725, Time: 00:02:14

Health: -1/31      AC:  1    Str: 15    XL:     4   Next: 43%
Magic:  4/4        EV: 14    Int: 10    God:    Gozag
Gold:   257        SH:  5    Dex: 19    Spells: 3/3 levels left

rFire   . . .        v - +0 hand axe (freeze)
rCold   . . .        b - +0 buckler
rNeg    . . .        (helmet restricted)
rPois   .            g - amulet of regeneration
rElec   .            r - +6 ring of dexterity
rCorr   .            (no ring)
SInv    .            (no ring)
Will    .....        (no ring)
Stlth   +++          (no ring)
HPRegen 1.05/turn    (no ring)
MPRegen 0.09/turn    (no ring)
                     (no ring)

%: no passive effects
@: gold aura
A: almost no armour, amphibious, 8 rings, camouflage 1, gelatinous body 1,
(nimble swimmer 1), tentacles
a: Renounce Religion, Potion Petition, Call Merchant, Bribe Branch


You were on level 3 of the Dungeon.
You worshipped Gozag.
Gozag was aware of your devotion.
You visited 1 branch of the dungeon, and saw 3 of its levels.

You collected 478 gold pieces.
You spent 148 gold pieces at shops.
You paid 73 gold pieces to Gozag.

Inventory:

Hand Weapons
 a - a +0 war axe
 v - a +0 hand axe of freezing (weapon)
Missiles
 i - 12 poisoned darts
Armour
 b - a +0 buckler (worn)
Jewellery
 f - an amulet of guardian spirit
 g - an amulet of regeneration (around mantle)
 r - a +6 ring of dexterity (left tentacle)
Scrolls
 e - a scroll of enchant armour
 j - a scroll of teleportation
 k - a scroll of vulnerability {unknown}
 l - 2 scrolls of revelation
 n - 2 scrolls of noise
 o - a scroll of immolation {unknown}
 p - a scroll of fog {unknown}
 t - a scroll of poison {unknown}
 u - a scroll of silence {unknown}
Potions
 c - 2 potions of might
 d - 2 potions of lignification
 m - a potion of heal wounds {unknown}
 q - a potion of curing {unknown}
 s - 2 potions of cancellation {unknown}


   Skills:
 - Level 3.0 Fighting
 * Level 4.3 Axes
 * Level 3.1 Dodging
 + Level 3.1 Shields


You had 3 spell levels left.
You didn't know any spells.
Your spell library contained the following spells:

 Spells                   Type           Power      Damage    Failure   Level
 Slow                     Hex            0%         N/A       45%         1
 Confusing Touch          Hex            0%         N/A       83%         3
 Sigil of Binding         Hex            0%         N/A       83%         3
 Vampiric Draining        Necr           0%         2d6       83%         3


Dungeon Overview and Level Annotations

Branches:
Dungeon (3/15)

Altars:
Gozag
Uskayaw

Shops:
D:2 ?


Innate Abilities, Weirdness & Mutations

You cannot wear most types of armour.
You are amphibious.
You can wear up to eight rings at the same time.
Your skin changes colour to match your surroundings (Stealth+).
Your rubbery body absorbs attacks. (AC +1, EV +1)
((You are camouflaged when in or above water. (Stealth+)))
You have tentacles for arms and can constrict up to eight enemies at once.


Message History

You kill the worm!
You miss the orc wizard. You hit the orc. You freeze the orc.
The orc wizard hits you with a +0 dagger.
You block the orc's attack.
Unknown command.
You closely miss the orc. You grab the orc.
The orc is severely wounded.
You hit the orc wizard. You freeze the orc wizard. You constrict the orc.
You kill the orc!
The orc wizard hits you with a +0 dagger.
The orc priest calls down the wrath of Beogh upon you.
Pain shoots through your body! The orc wizard barely misses you.
You barely miss the orc wizard. Your grab misses the orc wizard.
You squeeze the orc wizard.
The orc wizard is heavily wounded.
The orc wizard hits you with a +0 dagger.
The orc priest hits you with the +11 dagger of Doom {pain, *Slow rElec rF+ SInv}.
Unknown command.
You are too injured to fight recklessly!
You are too injured to fight recklessly!
Unknown command.
You are too injured to fight recklessly!
You barely miss the orc priest. You grab the orc priest.
You hit the orc wizard but do no damage.
You constrict the orc priest, but do no damage.
The orc wizard closely misses you.
The orc priest hits you with the +11 dagger of Doom {pain, *Slow rElec rF+ SInv}!
* * * LOW HITPOINT WARNING * * *
You writhe in agony.
* * * LOW HITPOINT WARNING * * *
Okay, then.
You hit the orc wizard. You freeze the orc wizard. You grab the orc wizard.
The orc wizard is severely wounded.
You hit the orc priest. You freeze the orc priest.
You constrict the orc priest, but do no damage.
You constrict the orc wizard. The orc wizard misses you.
The orc priest invokes the aid of Beogh against you.
Pain shoots through your body!
You die...
Your body crumbles into a pile of gold.

#.#.#.......###.
####...#.......##..
#.........#....##..
#.........####.##.#
#.........# #.##.#
#####......#..## #.##.#
#.....<..##.##.###.##.#
###.....[.##.⌠.##.##.##.#
.......o@####.####.#.##.#
#####.#$o#.#.###.#...##.#
#.#.#.⌠.###.⌠.#.....# ..
#.#..#.###.#.#......# #..
#.##.##.#.#.#........ #..
#.##.###.⌠.###....... #
##.###.##.)###.#.#........
#.#....#.#.w#.#.###.#......#
##.# #.....#.8.###.♣.#.....#


You could see an orc priest and an orc wizard.

Vanquished Creatures
  An adder (D:2)
  A worm (D:3)
  2 dart slugs (D:3)
  10 orcs (D:3)
  7 ball pythons
  4 bats
  2 giant cockroaches (D:3)
  3 goblins
  8 hobgoblins
  3 jackals (D:2)
  4 kobolds
  A quokka (D:3)
  4 frilled lizards
  3 rats
53 creatures vanquished.

Notes
Turn   | Place    | Note
-------+----------+-------------------------------------------
     0 | D:1      | Kurtz the Octopode Fighter began the quest for the Orb.
     0 | D:1      | Reached XP level 1. HP: 16/16 MP: 1/1
   560 | D:3      | Found an opulent altar of Gozag.
   594 | D:3      | Reached XP level 2. HP: 21/21 MP: 2/2
   636 | D:3      | Noticed a +0 short sword
   636 | D:3      | Noticed a +0 falchion
   636 | D:3      | Noticed a +0 dagger
   636 | D:3      | Noticed a +0 dagger
   636 | D:3      | Noticed a +0 spear
   636 | D:3      | Noticed a +0 short sword
   636 | D:3      | Noticed a +0 falchion
   636 | D:3      | Noticed a +0 spear
   660 | D:3      | Reached skill level 3 in Axes
   725 | D:3      | Became a worshipper of Gozag Ym Sagoz the Greedy
   771 | D:2      | Found Coas's Magic Scroll Shoppe.
   783 | D:2      | Reached XP level 3. HP: 23/26 MP: 3/3
   832 | D:2      | Bought a scroll of teleportation for 33 gold pieces
   902 | D:2      | Found a hide-covered altar of Uskayaw.
  1843 | D:1      | Reached skill level 4 in Axes
  2253 | D:3      | Reached XP level 4. HP: 31/31 MP: 4/4
  2329 | D:3      | Found a hide-covered altar of Uskayaw.
  2349 | D:3      | Found a faded altar of an unknown god.
  2463 | D:2      | Bought a scroll of revelation for 82 gold pieces
  2463 | D:2      | Bought a scroll of identify for 22 gold pieces
  2463 | D:2      | Bought a scroll of noise for 11 gold pieces
  2585 | D:3      | Identified the +11 dagger of Doom {pain, *Slow rElec rF+
                  | SInv}
  2725 | D:3      | Killed from afar by an orc priest

Illustrated notes

Levels and vault maps discovered:
D:1:      dpeg_arrival_water_fire, layout_basic
D:2:      layout_basic, serial_shops, shop, serial_rivers,
          chequers_serial_rivers_small_3, chequers_serial_rivers_micro_b,
          chequers_serial_rivers_large_a, chequers_serial_rivers_room_b,
          basic_altar, minmay_tiny_reverse_x
D:3:      layout_basic, nicolae_uskayaw_en_pointe, grunt_gozag_breadcrumbs,
          ebering_ecumenical_altar_sacrificial, minmay_crystal_room,
          grunt_decor_mini_mirrors, minivault_26,
          minmay_fractal_squares_gapless_5

Skill      XL: |  1  2  3 |
---------------+----------+-----
Axes           | 3 4 |  4.3
Fighting       | |  3.0
Dodging        | |  3.1
Shields        | |  3.1

Action                     |  1- 3 |  4- 6 || total
---------------------------+-------+-------++-------
  Melee: War axe           |    68 |    13 ||    81
         Constrict         |    17 |    12 ||    29
         Tentacles         |    13 |     6 ||    19
         Punch             |     1 |       ||     1
         Hand axe          |       |    13 ||    13
    Use: Scroll            |       |     2 ||     2
   Stab: Sleeping          |     3 |     1 ||     4
         Distracted        |       |     1 ||     1
 Armour: Skin              |    20 |    13 ||    33
  Dodge: Dodged            |    42 |    12 ||    54
  Block: Buckler           |    20 |     2 ||    22

Table legend: (Time is in decaauts)
 A = Elapsed time spent in this place.
 B = Non-inter-level travel time spent in this place.
 C = Inter-level travel time spent in this place.
 D = Time resting spent in this place.
 E = Time spent auto-exploring this place.
 F = Levels seen in this place.
 G = Mean time per level.
                   A        B        C        D        E       F      G
               +--------+--------+--------+--------+--------+-----+--------+
         Total |   2758 |   2507 |    251 |    106 |   2039 |   3 |  919.3 |
       Dungeon |   2758 |   2507 |    251 |    106 |   2039 |   3 |  919.3 |
               +--------+--------+--------+--------+--------+-----+--------+

Top non-repeatable levels by time:
     D:1: 1218 daAuts
     D:2: 940 daAuts
     D:3: 598 daAuts
